 Dungeon Crawl Stone Soup version 0.31-a0-219-g8d62b2e7bb (webtiles) character file.

Game seed: 17542341940058472247

121 CornPuffBuddha the Digger (level 5, -1/28 HPs)
             Began as a Gargoyle Earth Elementalist on July 3, 2023.
             Slain by Ijyb
             ... wielding a +0 club
              (5 damage)
             ... on level 4 of the Dungeon.
             The game lasted 00:06:40 (2730 turns).

CornPuffBuddha the Digger (GrEE)                    Turns: 2730, Time: 00:06:41

Health: -1/28      AC:  6    Str: 12    XL:     5   Next: 5%
Magic:  3/10       EV: 11    Int: 17    God:
Gold:   125        SH:  0    Dex: 10    Spells: 8/11 levels left

rFire   + + .        n - +8 dagger of Noteewo {heavy, rF++ SInv}
rCold   . . .        (no shield)
rNeg    + . .        a - +0 robe
rPois   ∞            (no helmet)
rElec   +            (no cloak)
rCorr   .            (no gloves)
SInv    +            (no boots)
Will    .....        u - amulet of regeneration
Stlth   ++           (no ring)
HPRegen 1.04/turn    (no ring)
MPRegen 0.12/turn

%: no passive effects
@: no status effects
A: sickness immunity, AC +4, negative energy resistance 1, electricity
resistance, torment resistance 1, petrification resistance
a: no special abilities


You were on level 4 of the Dungeon.
You visited 1 branch of the dungeon, and saw 4 of its levels.

You collected 125 gold pieces.

Inventory:

Hand Weapons
 n - the +8 dagger of Noteewo (weapon) {heavy, rF++ SInv}
   (You found it on level 2 of the Dungeon)

   rF:        It greatly protects you from fire.
   SInv:      It lets you see invisible.
Armour
 a - a +0 robe (worn)
Jewellery
 j - a ring of flight
 q - an amulet of the acrobat
 u - an amulet of regeneration (around neck)
Scrolls
 c - 6 scrolls of identify {unknown}
 d - 2 scrolls of enchant armour {unknown}
 e - 2 scrolls of fog
 g - 2 scrolls of blinking {unknown}
 k - a scroll of acquirement {unknown}
 o - 2 scrolls of teleportation {unknown}
 p - a scroll of torment {unknown}
 r - a scroll of amnesia {unknown}
 t - a scroll of noise {unknown}
Potions
 f - 2 potions of lignification {unknown}
 h - a potion of haste {unknown}
 i - a potion of curing {unknown}
 l - a potion of degeneration {unknown}
 m - a potion of berserk rage {unknown}
 s - a potion of brilliance {unknown}


   Skills:
 - Level 1.5 Dodging
 - Level 2.1 Stealth
 + Level 3.5 Spellcasting
 - Level 0.7 Transmutations
 + Level 5.4 Earth Magic


You had 8 spell levels left.
You knew the following spells:

 Your Spells              Type           Power      Damage    Failure   Level
a - Sandblast             Erth           42%        2d11      1%          1
b - Passwall              Tmut/Erth      10%        N/A       7%          2

Your spell library contained the following spells:

 Spells                   Type           Power      Damage    Failure   Level
 Stone Arrow              Conj/Erth      24%        3d8       16%         3
 Petrify                  Tmut/Erth      13%        N/A       43%         4
 Gell's Gravitas          Tloc           3%         N/A       45%         3
 Teleport Other           Tloc           3%         N/A       45%         3
 Dispersal                Tloc           1%         N/A       100%        6


Dungeon Overview and Level Annotations

Branches:
Dungeon (4/15)
 Temple: D:4-7

Altars:

Shops:
D:2 =

Annotations:
D:4 Ijyb


Innate Abilities, Weirdness & Mutations

You are immune to sickness and miasma.
Your stone body is resilient. (AC +4)
You are immune to poison.
You resist negative energy. (rN+)
You are resistant to electric shocks. (rElec)
You are resistant to unholy torment.
You are immune to petrification.


Message History

Press: ? - help, Q - select action, (/) - cycle Shift-Dir - straight line, f/p - Ijyb
Aim: Ijyb, wielding a +0 club, wearing a +0 chain mail and carrying a wand of paralysis (4) (heavily wounded, 83% to hit)
The blast of sand hits Ijyb but does no damage.
Ijyb is heavily wounded.
The adder misses you. Ijyb hits you with a +0 club.
The adder bites you but does no damage. Ijyb hits you with a +0 club.
Aiming: Sandblast (safe; 1% risk of failure)
Press: ? - help, Q - select action, (/) - cycle Shift-Dir - straight line, f/p - Ijyb
Aim: Ijyb, wielding a +0 club, wearing a +0 chain mail and carrying a wand of paralysis (4) (heavily wounded, 83% to hit)
The blast of sand misses Ijyb.
The adder bites you but does no damage. x2; Ijyb hits you but does no damage.
Aiming: Sandblast (safe; 1% risk of failure)
Press: ? - help, Q - select action, (/) - cycle Shift-Dir - straight line, f/p - Ijyb
Aim: Ijyb, wielding a +0 club, wearing a +0 chain mail and carrying a wand of paralysis (4) (heavily wounded, 83% to hit)
The blast of sand hits Ijyb but does no damage.
Ijyb is heavily wounded.
The adder closely misses you. Ijyb hits you but does no damage.
The adder bites you. Ijyb hits you but does no damage.
Aiming: Sandblast (safe; 1% risk of failure)
Press: ? - help, Q - select action, (/) - cycle Shift-Dir - straight line, f/p - Ijyb
Aim: Ijyb, wielding a +0 club, wearing a +0 chain mail and carrying a wand of paralysis (4) (heavily wounded, 83% to hit)
The blast of sand hits Ijyb but does no damage.
Ijyb is heavily wounded.
The adder bites you but does no damage. The adder bites you.
Ijyb zaps a wand.
You resist with some effort.
Aiming: Sandblast (safe; 1% risk of failure)
Press: ? - help, Q - select action, (/) - cycle Shift-Dir - straight line, f/p - Ijyb
Aim: Ijyb, wielding a +0 club, wearing a +0 chain mail and carrying a wand of paralysis (3) (heavily wounded, 83% to hit)
The blast of sand hits Ijyb but does no damage.
Ijyb is heavily wounded.
The adder bites you.
Ijyb screams, "It's all mine!"
Ijyb hits you with a +0 club. The adder bites you.
* * * LOW HITPOINT WARNING * * *
Ijyb hits you with a +0 club.
* * * LOW HITPOINT WARNING * * *
As you read the scroll labelled QURAEH TUERUO, it dissolves into smoke.
It was a scroll of fog.
The adder barely misses you. Ijyb hits you with a +0 club.
You die...

.#### ....## #.##
.....###### #..#######
.#.#.....<### #.........
.#......#...###.........
........................
#....##.................
.....###.......§§§......
#†...#####.####§@g......
...............§§S......
#(...##.........§.......
..........##..?.....<##.
#.................#....
#.....#.##....##.#####..
####....#..##.##... .
#......###.##..(#
....#... ... ....#


You could see Ijyb and an adder.

Vanquished Creatures
  6 adders
  An ufetubus (D:4)
  2 worms
  2 dart slugs
  6 ball pythons
  6 bats
  4 endoplasms
  2 giant cockroaches
  4 goblins
  6 hobgoblins
  3 kobolds
  2 quokkas
  4 frilled lizards
  4 rats
52 creatures vanquished.

Notes
Turn   | Place    | Note
-------+----------+-------------------------------------------
     0 | D:1      | CornPuffBuddha the Gargoyle Earth Elementalist began the
                  | quest for the Orb.
     0 | D:1      | Reached XP level 1. HP: 10/10 MP: 3/3
   224 | D:1      | Reached XP level 2. HP: 15/15 MP: 3/5
   226 | D:1      | Reached skill level 4 in Earth Magic
   972 | D:2      | Reached XP level 3. HP: 17/19 MP: 2/6
  1179 | D:2      | Reached XP level 4. HP: 24/24 MP: 6/8
  1437 | D:2      | Identified the +8 dagger of Noteewo {heavy, rF++ SInv}
  1705 | D:2      | Found Qaonij's Jewellery Boutique.
  1909 | D:3      | Reached skill level 5 in Earth Magic
  2126 | D:3      | Learned a level 2 spell: Passwall
  2660 | D:4      | Reached XP level 5. HP: 28/28 MP: 8/10
  2693 | D:4      | Noticed Ijyb
  2717 | D:4      | Paralysed by Ijyb for 3 turns
  2730 | D:4      | Slain by Ijyb

Illustrated notes

Levels and vault maps discovered:
D:1:      kennysheep_arrival_seaside, layout_loops_ring, dreamdust_wishing_well,
          serial_bayou_ford_a
D:2:      layout_loops_ring, serial_shops, nicolae_shop_tiny_real_fake_doors
D:3:      layout_basic, nrook_mini_backslash, kennysheep_generic_room_7
D:4:      layout_rooms, uniq_ijyb

Skill      XL: |  1  2  3  4 |
---------------+-------------+-----
Earth Magic    | 4 5 |  5.4
Spellcasting   | 3 |  3.5
Dodging        | |  1.5
Stealth        | |  2.1
Transmutations | |  0.7

Action                     |  1- 3 |  4- 6 || total
---------------------------+-------+-------++-------
  Melee: Hand axe          |     3 |       ||     3
         Dagger            |       |    13 ||    13
   Cast: Sandblast         |    35 |    57 ||    92
    Use: Scroll            |       |     1 ||     1
         Potion            |       |     1 ||     1
 Armour: Robe              |     6 |    33 ||    39
  Dodge: Dodged            |    12 |    28 ||    40

Table legend: (Time is in decaauts)
 A = Elapsed time spent in this place.
 B = Non-inter-level travel time spent in this place.
 C = Inter-level travel time spent in this place.
 D = Time resting spent in this place.
 E = Time spent auto-exploring this place.
 F = Levels seen in this place.
 G = Mean time per level.
                   A        B        C        D        E       F      G
               +--------+--------+--------+--------+--------+-----+--------+
         Total |   2795 |   2596 |    199 |     33 |   2177 |   4 |  698.8 |
       Dungeon |   2795 |   2596 |    199 |     33 |   2177 |   4 |  698.8 |
               +--------+--------+--------+--------+--------+-----+--------+

Top non-repeatable levels by time:
     D:1: 984 daAuts
     D:2: 915 daAuts
     D:3: 763 daAuts
     D:4: 132 daAuts
